 Dungeon Sprint DCSS version 0.27.1 (webtiles) character file.

Game seed: 1472771590528563246

2867 styxcanada the Imperceptible (level 9, -8/49 HPs)
             Began as a Spriggan Brigand on Aug 28, 2021.
             Was an Initiate of Gozag.
             Mangled by a spriggan druid (18 damage)
             ... in the Dungeon (Sprint IV: "Fedhas' Mad Dash").
             The game lasted 00:07:45 (812 turns).

styxcanada the Imperceptible (Spriggan Brigand)      Turns: 812, Time: 00:07:50

Health: -8/49      AC:  5    Str:  7    XL:     9   Next: 47%
Magic:  10/10      EV: 24    Int: 13    God:    Gozag
Gold:   912        SH:  0    Dex: 19    Spells: 8/8 levels left

rFire    + . .     SeeInvis +   w - +6 mace of Resourcefulness {flame, rF+ rCorr}
rCold    . . .     Faith    .   (shield restricted)
rNeg     . . .     Spirit   .   p - +2 robe {Will+}
rPois    .         Reflect  .   (helmet restricted)
rElec    .         Harm     .   c - +0 cloak
rCorr    +         Rampage  .   (gloves unavailable)
Will     ++...     NoTele   +   (boots unavailable)
Stlth    +++++++++.             m - amulet of invisibility {+Inv}
HPRegen  0.16/turn              (no ring)
MPRegen  0.12/turn              (no ring)

@: very slightly contaminated, very quick
A: very small, no large weapons, unfitting armour, see invisible, speed 3
a: Renounce Religion, Evoke Invisibility, Potion Petition, Call Merchant, Bribe
Branch


You were in the Dungeon.
You worshipped Gozag.
Gozag was pleased with you.
You visited 1 branch You collected 1504 gold pieces.
You spent 592 gold pieces at shops.

Inventory:

Hand Weapons
 a - a +2 dagger
 w - the +6 mace of Resourcefulness (weapon) {flame, rF+ rCorr}
   (You bought it in a shop in the Dungeon)

   It burns those it strikes, dealing additional fire damage.
   rF:        It protects you from fire.
   rCorr:     It protects you from acid and corrosion.
Missiles
 d - 8 poisoned darts (quivered)
 e - 2 curare-tipped darts
 o - 44 sling bullets
Armour
 c - a +0 cloak (worn)
 p - a +2 robe of willpower (worn)
Jewellery
 b - a ring of willpower
 m - the amulet of invisibility (around neck) {+Inv}
   (You found it in the Dungeon)

   [amulet of nothing]

   +Inv:      It lets you turn invisible.
 q - a ring of fire
 u - a ring of fire
Wands
 n - a wand of flame (18)
Scrolls
 k - a scroll of blinking
 l - a scroll of holy word
 v - a scroll of fear {unknown}
 x - a scroll of fog {unknown}
Potions
 f - a potion of curing
 h - a potion of haste
 i - 2 potions of magic
 j - a potion of berserk rage
 r - a potion of attraction
 s - a potion of cancellation
 t - a potion of might


   Skills:
 * Level 6.5 Fighting
 + Level 5.8 Short Blades
 + Level 2.1 Maces & Flails
 + Level 3.3 Throwing
 * Level 10.0 Dodging
 * Level 23.5 Stealth
 + Level 7.6 Evocations


You had 8 spell levels left.
You didn't know any spells.
Your spell library was empty.

Dungeon Overview and Level Annotations

Branches:
Dungeon (1/1)

Altars:
Cheibriados
Dithmenos
Elyvilon
Gozag
Hepliaklqana
Kikubaaqudgha
Makhleb
Nemelex Xobeh
Okawaru
Qazlal
Ru
Sif Muna
Trog
Uskayaw
Vehumet
Wu Jian
Xom
Yredelemnul
Zin
The Shining One
Beogh
Jiyva
Lugonu

Shops:
D [[*?


Innate Abilities, Weirdness & Mutations

You are very small and have problems with some larger weapons.
You are too small for most types of armour.
You have supernaturally acute eyesight. (SInv)
You cover ground extremely quickly. (Speed+++)


Message History

You completely miss the spriggan druid.
The spriggan druid hits you with a +0 quarterstaff!
You closely miss the spriggan druid.
The spriggan druid hits you but does no damage.
The spriggan druid misses you.
You barely miss the spriggan druid.
You flicker for a moment.
The spriggan druid hits you with a +0 quarterstaff.
You hit the spriggan druid. You burn the spriggan druid.
The spriggan druid is lightly wounded.
The spriggan druid closely misses you.
You hit the spriggan druid. You burn the spriggan druid.
The spriggan druid is moderately wounded.
The spriggan druid closely misses you. x2
You closely miss the spriggan druid.
The spriggan druid is moderately wounded.
The spriggan druid hits you with a +0 quarterstaff.
You hit the spriggan druid. You burn the spriggan druid.
The spriggan druid is moderately wounded.
You flicker back into view.
The spriggan druid hits you with a +0 quarterstaff.
You hit the spriggan druid. You burn the spriggan druid.
The spriggan druid is moderately wounded.
The spriggan druid points at you and mumbles some strange words.
The stone arrow misses you.
The spriggan druid hits you with a +0 quarterstaff!
* * * LOW HITPOINT WARNING * * *
You hit the spriggan druid but do no damage.
The spriggan druid is moderately wounded.
The spriggan druid casts a spell.
The forest starts to sway and rumble!
You feel much better. A root smacks you from below!
The spriggan druid completely misses you.
You miss the spriggan druid.
The spriggan druid is moderately wounded.
A root smacks you from below!
* * * LOW HITPOINT WARNING * * *
The spriggan druid hits you with a +0 quarterstaff!!
You die...
Your body crumbles into a pile of gold.

#################################
...#.....#.⌠._._._._.⌠.#..'.))#..
...'.#)).'.._._._._._..'..#[..#..
.†.#.#...#..._._._._...#..###'##.
#######'##.._._._._._..#..##∩∩.'.
.....'...#._._._._._.⌠.##########
.....#...############### $
.♣..######♣♣♣♣♣.i♣!# $
######..'......♣@.♣
'.......#♣..♣♣♣.♣..#
#.......#.♣♣.)♣.$$♣+ $ ##########
#######


You could see a spriggan druid.

Vanquished Creatures
  2 oklob plants (D)
  3 burning bushes (D)
  3 wandering mushrooms (D)
  A queen bee (D)
  3 scorpions (D)
  4 killer bees (D)
  5 oklob saplings (D)
  2 spriggans (D)
  A river rat (D)
  A rat (D)
25 creatures vanquished.

Notes
Turn   | Place    | Note
-------+----------+-------------------------------------------
     0 | D        | styxcanada the Spriggan Brigand began the quest for the
                  | Orb.
     0 | D        | Reached XP level 1. HP: 10/10 MP: 2/2
     9 | D        | Reached skill level 8 in Stealth
     9 | D        | Reached XP level 2. HP: 15/15 MP: 3/3
    15 | D        | Noticed an oklob sapling
    17 | D        | Killed an oklob sapling
    18 | D        | Reached skill level 10 in Stealth
    18 | D        | Reached XP level 3. HP: 18/18 MP: 4/4
    19 | D        | Noticed a scorpion
    19 | D        | Found the amulet of invisibility {+Inv}
    21 | D        | Killed a scorpion
    22 | D        | Reached skill level 12 in Stealth
    22 | D        | Reached XP level 4. HP: 23/23 MP: 5/5
    42 | D        | Found an opulent altar of Gozag.
    42 | D        | Found a hazy altar of Hepliaklqana.
    42 | D        | Found a burning altar of Makhleb.
    42 | D        | Found a sparkling altar of Nemelex Xobeh.
    42 | D        | Found a sacrificial altar of Ru.
    42 | D        | Found a shimmering blue altar of Sif Muna.
    42 | D        | Found an ornate altar of the Wu Jian Council.
    42 | D        | Found a shimmering altar of Xom.
    42 | D        | Found a basalt altar of Yredelemnul.
    43 | D        | Found a viscous altar of Jiyva.
    43 | D        | Found a snail-covered altar of Cheibriados.
    43 | D        | Found a bloodstained altar of Trog.
    44 | D        | Found an iron altar of Okawaru.
    44 | D        | Found a shadowy altar of Dithmenos.
    44 | D        | Found a glowing silver altar of Zin.
    45 | D        | Found an ancient bone altar of Kikubaaqudgha.
    45 | D        | Found a hide-covered altar of Uskayaw.
    46 | D        | Found a stormy altar of Qazlal.
    46 | D        | Found a white marble altar of Elyvilon.
    46 | D        | Found a glowing golden altar of the Shining One.
    47 | D        | Became a worshipper of Gozag Ym Sagoz the Greedy
    48 | D        | Found a corrupted altar of Lugonu.
    48 | D        | Found a radiant altar of Vehumet.
    52 | D        | Reached skill level 13 in Stealth
    52 | D        | Reached XP level 5. HP: 28/28 MP: 3/6
   111 | D        | Reached skill level 14 in Stealth
   117 | D        | Reached skill level 5 in Dodging
   117 | D        | Reached skill level 1 in Evocations
   118 | D        | Reached skill level 15 in Stealth
   120 | D        | Reached XP level 6. HP: 33/33 MP: 5/7
   161 | D        | Found Jaklis's Antique Armour Shop.
   161 | D        | Found Haxipp's Antique Armour Emporium.
   168 | D        | Bought an embroidered robe for 85 gold pieces
   187 | D        | Noticed a burning bush
   187 | D        | Noticed a wandering mushroom
   188 | D        | Noticed a wandering mushroom
   191 | D        | Killed a burning bush
   192 | D        | Reached skill level 17 in Stealth
   192 | D        | Killed a wandering mushroom
   193 | D        | Reached skill level 19 in Stealth
   193 | D        | Reached XP level 7. HP: 38/38 MP: 5/8
   193 | D        | Killed a wandering mushroom
   194 | D        | Reached skill level 5 in Fighting
   194 | D        | Reached skill level 20 in Stealth
   196 | D        | Reached XP level 8. HP: 43/43 MP: 5/9
   209 | D        | Found Toth's Magic Scroll Emporium.
   209 | D        | Found Ureqe's Assorted Antiques.
   215 | D        | Bought an onyx ring for 120 gold pieces
   215 | D        | Bought a smoky ruby potion for 21 gold pieces
   215 | D        | Bought a sedimented golden potion for 21 gold pieces
   215 | D        | Bought a silvery potion for 21 gold pieces
   215 | D        | Bought a scroll labelled PAELAO YJETIBYJ for 24 gold pieces
   215 | D        | Bought a scroll labelled RAOGISO WOVO for 24 gold pieces
   217 | D        | Bought a scroll of identify for 28 gold pieces
   217 | D        | Bought a scroll of identify for 28 gold pieces
   238 | D        | Bought a scroll of identify for 28 gold pieces
   252 | D        | Bought a shimmering mace for 192 gold pieces
   252 | D        | Identified the +6 mace of Resourcefulness {flame, rF+
                  | rCorr} (You bought it in a shop in the Dungeon)
   302 | D        | Noticed a queen bee
   309 | D        | Killed a queen bee
   310 | D        | Reached skill level 5 in Short Blades
   310 | D        | Reached skill level 5 in Evocations
   311 | D        | Reached skill level 21 in Stealth
   369 | D        | Noticed an oklob plant
   372 | D        | Killed an oklob plant
   373 | D        | Reached skill level 22 in Stealth
   387 | D        | Noticed a burning bush
   389 | D        | Identified the +0 ring mail of the Pleiades {+Blink rN+
                  | Will+ Int-2}
   559 | D        | Killed a burning bush
   560 | D        | Reached XP level 9. HP: 37/48 MP: 10/10
   635 | D        | Noticed a burning bush
   635 | D        | Noticed an oklob plant
   636 | D        | Noticed a wandering mushroom
   637 | D        | Killed a burning bush
   638 | D        | Reached skill level 1 in Maces & Flails
   642 | D        | Killed an oklob plant
   643 | D        | Reached skill level 23 in Stealth
   645 | D        | Killed a wandering mushroom
   646 | D        | Reached skill level 10 in Dodging
   796 | D        | Noticed a spriggan druid
   812 | D        | Mangled by a spriggan druid

Illustrated notes

Levels and vault maps discovered:
D:        dungeon_sprint_fedhas [sprint_temple]

Skill      XL: |  1  2  3  4  5  6  7  8  9 |
---------------+----------------------------+-----
Dodging        | 2 3 4 5 7 9 10 | 10.0
Stealth        | 8 10 12 13 15 19 20 22 23 | 23.5
Fighting       | 2 3 4 5 6 |  6.5
Short Blades   | 3 4 5 |  5.8
Evocations     | 1 3 4 6 7 |  7.6
Throwing       | 3 |  3.3
Maces & Flails | 2 |  2.1

Action                   |  1- 3 |  4- 6 |  7- 9 || total
-------------------------+-------+-------+-------++-------
Melee: Dagger            |     4 |     7 |    17 ||    28
       Mace              |       |       |    27 ||    27
 Abil: Evoke Invisibilit |       |     3 |     5 ||     8
  Use: Scroll            |       |       |     4 ||     4
       Potion            |       |       |     1 ||     1
 Stab: Sleeping          |     3 |     7 |    12 ||    22
       Distracted        |       |       |     1 ||     1
       Invisible         |       |       |     1 ||     1
Armor: Robe              |       |       |     1 ||     1
Dodge: Dodged            |     1 |       |    14 ||    15
